 Dungeon Crawl Stone Soup version 0.30-a0-715-gdb4ae3ece1 (webtiles) character file.

Game seed: 673721208986387366

51 browni3141 the Caller (level 3, -1/33 HPs)
             Began as a Naga Summoner on Jan 24, 2023.
             Slain by a gnoll
             ... wielding a +0 flail
              (10 damage)
             ... on level 1 of the Dungeon.
             The game lasted 00:02:48 (2065 turns).

browni3141 the Caller (Naga Summoner)               Turns: 2065, Time: 00:02:49

Health: -1/33      AC:  2    Str: 10    XL:     3   Next: 83%
Magic:  3/6        EV:  9    Int: 17    God:
Gold:   65         SH:  0    Dex: 11    Spells: 3/6 levels left

rFire   . . .      SeeInvis +    (no weapon)
rCold   . . .      Faith    .    (no shield)
rNeg    . . .      Spirit   .    a - +0 robe
rPois   +          Reflect  .    (no helmet)
rElec   .          Harm     .    (no cloak)
rCorr   .          Rampage  .    (no gloves)
Will    .....                    (no barding)
Stlth   ++                       (no amulet)
HPRegen 0.25/turn                (no ring)
MPRegen 0.10/turn                (no ring)

@: very slow
A: AC +1, large, see invisible, deformed body, poison resistance, slowness 2,
spit poison 1, naga tail 1
a: Spit Poison


You were on level 1 of the Dungeon.
You visited 1 branch of the dungeon, and saw 2 of its levels.

You collected 65 gold pieces.

Inventory:

Missiles
 h - 4 atropa-tipped darts
Armour
 a - a +0 robe (worn)
Scrolls
 e - a scroll of enchant weapon {unknown}
 f - a scroll of torment {unknown}
 g - 2 scrolls of identify {unknown}
 i - a scroll of magic mapping {unknown}
 j - a scroll of silence {unknown}
 l - a scroll of enchant armour {unknown}
Potions
 b - a potion of magic
 c - a potion of attraction {unknown}
 d - a potion of cancellation {unknown}
 k - a potion of curing {unknown}
 m - a potion of flight {unknown}


   Skills:
 - Level 2.4 Fighting
 - Level 1.5 Dodging
 - Level 3.0 Stealth
 - Level 2.0 Spellcasting
 * Level 4.6 Summonings


You had 3 spell levels left.
You knew the following spells:

 Your Spells              Type           Power      Damage    Failure   Level
a - Summon Small Mammal   Summ           68%        N/A       3%          1
b - Call Imp              Summ           17%        N/A       4%          2

Your spell library contained the following spells:

 Spells                   Type           Power      Damage    Failure   Level
 Call Canine Familiar     Summ           17%        N/A       9%          3
 Sting                    Tmut/Pois      4%         1d3       19%         1
 Summon Guardian Golem    Hex/Summ       9%         N/A       22%         3
 Poisonous Vapours        Pois/Air       2%         N/A       28%         2
 Portal Projectile        Hex/Tloc       2%         N/A       50%         3
 Tukima's Dance           Hex            1%         N/A       50%         3
 Summon Lightning Spire   Summ/Air       9%         N/A       58%         4
 Olgreb's Toxic Radiance  Pois           1%         N/A       88%         4
 Blade Hands              Tmut           0%         N/A       99%         5


Dungeon Overview and Level Annotations

Branches:
Dungeon (2/15)

Altars:
Okawaru


Innate Abilities, Weirdness & Mutations

Your serpentine skin is tough. (AC +1)
You have supernaturally acute eyesight. (SInv)
Armour fits poorly on your strangely shaped body.
Your system is resistant to poisons. (rPois)
You cover ground very slowly.
You can spit poison.
You have a snake-like lower body.


Message History

Your quokka misses the kobold. The kobold hits you but does no damage.
Your quokka barely misses the kobold.
You closely miss the kobold.
The kobold is severely wounded.
Your quokka closely misses the kobold.
Your quokka misses the kobold. The kobold closely misses you.
You hit the kobold.
You kill the kobold!
No target in view!
No target in view!
Your quokka disappears in a puff of smoke!
You swap places.
Items here: ( )) ††.
Found 8 stones.
Your quokka disappears in a puff of smoke!
l - a scroll labelled HUPNEM WAINOLE
There is a large open door here.
You open the door.
There is an open door here.
m - a puce potion You open the door.
There is an open door here. 2 gnolls come into view.
The gnoll shouts!
You hear a shout! x2; The gnoll shouts!
There are monsters nearby!
The gnoll attacks as you move away! The gnoll hits you with a +0 flail!
The gnoll attacks as you move away! The gnoll hits you with a +0 flail. x2
There is a stone staircase leading up here.
The gnoll closely misses you.
You climb upwards.
There is a stone staircase leading down here.
Casting: Summon Small Mammal (safe; 3% risk of failure)
Confirm with . or Enter, or press ? or * to list all spells.
A beastly little devil appears in a puff of flame.
The gnoll hits you with a +0 flail!
* * * LOW HITPOINT WARNING * * *
Casting: Call Imp (safe; 4% risk of failure)
Confirm with . or Enter, or press ? or * to list all spells.
The gnoll hits you with a +0 flail!
You die...

#.# #......#.#####
#.####.............
#.##........#......
#.##.####.###......
#.......#.# #......
###.###.#.# #......
#..5.##.#.# #.#####
#.g).##.#.###......
#.@................
##.####.###########
#.r.##...#
###.#....# #.#.##.#
#.#.############
#.#.............
#.##############
#)# #......


You could see a gnoll (ally target), a friendly crimson imp (summoned) and a
friendly quokka (summoned).

Vanquished Creatures
  A worm (D:2)
  A dart slug (D:2)
  2 ball pythons (D:2)
  An endoplasm (D:1)
  3 hobgoblins (D:1)
  2 jackals (D:1)
  2 kobolds (D:2)
  A quokka (D:2)
  A bat (D:1)
  4 rats (D:1)
18 creatures vanquished.

Vanquished Creatures (collateral kills)
  A dart slug (D:2)
  An endoplasm (D:1)
  A giant cockroach (D:1)
  4 goblins
  A hobgoblin (D:1)
  4 jackals
  3 quokkas
  2 ball pythons (D:2)
  2 bats (D:1)
  2 kobolds
  2 rats
23 creatures vanquished.

Grand Total: 41 creatures vanquished

Notes
Turn   | Place    | Note
-------+----------+-------------------------------------------
     0 | D:1      | browni3141 the Naga Summoner began the quest for the Orb.
     0 | D:1      | Reached XP level 1. HP: 15/15 MP: 3/3
    91 | D:1      | Reached skill level 1 in Fighting
   205 | D:1      | Reached XP level 2. HP: 16/25 MP: 3/5
   626 | D:1      | Learned a level 2 spell: Call Imp
   869 | D:1      | Reached XP level 3. HP: 18/33 MP: 3/6
  1510 | D:2      | Found an iron altar of Okawaru.
  2065 | D:1      | Slain by a gnoll

Illustrated notes

Levels and vault maps discovered:
D:1:      eino_arrival_water_cross, layout_basic
D:2:      layout_basic, basic_altar

Skill      XL: |  1  2 |
---------------+-------+-----
Fighting       | 1 2 |  2.4
Dodging        | |  1.5
Stealth        | |  3.0
Spellcasting   | |  2.0
Summonings     | |  4.6

Action                     || total
---------------------------++-------
  Melee: Unarmed           ||   111
         Punch             ||     1
   Cast: Summon Small Mamm ||    47
         Call Imp          ||     3
Ability: Spit Poison       ||     2
   Stab: Sleeping          ||     1
 Armour: Robe              ||    24
  Dodge: Dodged            ||    62

Table legend: (Time is in decaauts)
 A = Elapsed time spent in this place.
 B = Non-inter-level travel time spent in this place.
 C = Inter-level travel time spent in this place.
 D = Time resting spent in this place.
 E = Time spent auto-exploring this place.
 F = Levels seen in this place.
 G = Mean time per level.
                   A        B        C        D        E       F      G
               +--------+--------+--------+--------+--------+-----+--------+
         Total |   2573 |   2398 |    175 |      0 |   1998 |   2 | 1286.5 |
       Dungeon |   2573 |   2398 |    175 |      0 |   1998 |   2 | 1286.5 |
               +--------+--------+--------+--------+--------+-----+--------+

Top non-repeatable levels by time:
     D:1: 1834 daAuts
     D:2: 738 daAuts
